 Dungeon Crawl Stone Soup version 0.29.1-12-g30fa7ad0bf (webtiles) character file.

Game seed: 17162690851781504986

57 hawla the Firebug (level 4, -1/33 HPs)
             Began as a Meteoran Fire Elementalist on Dec 28, 2022.
             Slain by an orc
             ... wielding a +0 whip
              (2 damage)
             ... on level 3 of the Dungeon.
             The game lasted 00:03:13 (309 turns).

hawla the Firebug (Meteoran Fire Elementalist)       Turns: 309, Time: 00:03:13

Health: -1/33      AC:  3    Str:  6 (7)  XL:     4   Next: 41%
Magic:  4/9        EV: 12    Int: 16 (18) God:
Gold:   18         SH:  0    Dex: 13 (15) Spells: 7/10 levels left

rFire   . . .      SeeInvis .   (no weapon)
rCold   . . .      Faith    .   (no shield)
rNeg    . . .      Spirit   .   a - +1 robe
rPois   .          Reflect  .   (no helmet)
rElec   .          Harm     .   (no cloak)
rCorr   .          Rampage  .   (no gloves)
Will    .....                   (no boots)
Stlth   +.........              (no amulet)
HPRegen 0.11/turn               (no ring)
MPRegen 0.11/turn               (no ring)

@: glowing
A: sense surroundings 1, otherworldly, glowing, explore regen, low MP 1,
mutation resistance 1, weak 1, wild magic 1
a: no special abilities


You were on level 3 of the Dungeon.
You visited 1 branch of the dungeon, and saw 3 of its levels.

You collected 18 gold pieces.

Inventory:

Armour
 a - a +1 robe (worn)
Scrolls
 e - a scroll of poison {unknown}
Potions
 f - 2 potions of curing
 g - a potion of might {unknown}


   Skills:
 + Level 0.1 Fighting
 + Level 2.6 Dodging
 - Level 1.4 Stealth
 + Level 3.8 Spellcasting
 + Level 1.4 Conjurations
 + Level 4.7 Fire Magic


You had 7 spell levels left.
You knew the following spells:

 Your Spells              Type           Power      Damage    Failure   Level
a - Foxfire               Conj/Fire      64%        2x1d7     8%          1
b - Scorch                Fire           46%        2d7       6%          2

Your spell library contained the following spells:

 Spells                   Type           Power      Damage    Failure   Level
 Conjure Flame            Conj/Fire      16%        6-21      21%         3
 Inner Flame              Hex/Fire       13%        N/A       26%         3
 Flame Wave               Conj/Fire      16%        2d7       52%         4


Dungeon Overview and Level Annotations

Branches:
Dungeon (3/15) Zot: 1488

Altars:

Shops:
D:1 (


Innate Abilities, Weirdness & Mutations

You passively map a small area around you.
You are easily found by Zot.
You glow in the dark.
You regain HP and MP as you explore.
Your magical capacity is low. (-10% MP)
You are somewhat resistant to further mutation.
You are weak. (Str -2)
Your spells are a little harder to cast, but a little more powerful.


Message History

The orc barely misses you. The orc hits you but does no damage.
The orc priest begins to cast a cantrip, but forgets the words!
It was a potion of curing.
You feel better. The orc hits you with a +0 whip. The endoplasm freezes you.
You are frozen.
The orc hits you with a +0 short sword.
* * * LOW HITPOINT WARNING * * *
Magic courses through your body.
A rat comes into view.
The orc hits you but does no damage. The endoplasm freezes you.
You are frozen.
* * * LOW HITPOINT WARNING * * *
An orc comes into view. It is wielding a +0 dagger.
The orc hits you but does no damage.
Casting: Foxfire (safe; 8% risk of failure)
Confirm with . or Enter, or press ? or * to list all spells.
Flames lash the orc.
You kill the orc!
The orc shouts!
A rat comes into view.
The endoplasm freezes you.
You are frozen.
* * * LOW HITPOINT WARNING * * *
The orc closely misses you. x2
Casting: Scorch (safe; 6% risk of failure)
Confirm with . or Enter, or press ? or * to list all spells.
Flames lash the orc priest.
The orc priest is moderately wounded.
The orc priest's fire resistance burns away.
The orc hits you with a +0 whip.
* * * LOW HITPOINT WARNING * * *
The endoplasm freezes you.
You are frozen.
* * * LOW HITPOINT WARNING * * *
The orc barely misses you.
Casting: Scorch (safe; 6% risk of failure)
Confirm with . or Enter, or press ? or * to list all spells.
You conjure some foxfire!
The orc barely misses you. The orc hits you with a +0 whip.
You die...

#######.# *
........#
..#####..# * ,
.., #..# *
...####..######
*
*..............#
.........####.#
, ,
.(...oJv####...
...####@o......
, #. * #o####...
* , ,* #oo* ##.#
* , , , , r# **
* .# , * r# * *
.. * * ,


You could see an orc priest (combustible), 4 orcs, an endoplasm and 2 rats.

Vanquished Creatures
  An orc wizard (D:3)
  2 orcs (D:3)
  A bat (D:1)
  3 giant cockroaches (D:1)
  2 hobgoblins (D:1)
  3 quokkas (D:1)
  5 ball pythons
  A frilled lizard (D:1)
  3 goblins (D:1)
  3 kobolds (D:1)
  4 rats (D:1)
28 creatures vanquished.

Vanquished Creatures (others)
  54 foxfires
54 creatures vanquished.

Grand Total: 82 creatures vanquished

Notes
Turn   | Place    | Note
-------+----------+-------------------------------------------
     0 | D:1      | hawla the Meteoran Fire Elementalist began the quest for
                  | the Orb.
     0 | D:1      | Reached XP level 1. HP: 14/14 MP: 5/5
    32 | D:1      | Reached XP level 2. HP: 19/20 MP: 1/6
    35 | D:1      | Learned a level 2 spell: Scorch
    87 | D:1      | Reached skill level 4 in Fire Magic
   126 | D:1      | Reached XP level 3. HP: 26/26 MP: 0/8
   197 | D:1      | Found Ihoesa Sofi's Antique Weapon Shoppe.
   300 | D:3      | Reached XP level 4. HP: 23/33 MP: 2/10
   303 | D:3      | Gained mutation: Your spells are a little harder to cast,
                  | but a little more powerful. [potion of mutation]
   303 | D:3      | Gained mutation: Your magical capacity is low. (-10% MP)
                  | [potion of mutation]
   303 | D:3      | Gained mutation: You are weak. (Str -2) [potion of
                  | mutation]
   303 | D:3      | Gained mutation: You are somewhat resistant to further
                  | mutation. [potion of mutation]
   308 | D:3      | HP: 1/33 [frozen (1)]
   309 | D:3      | Slain by an orc

Illustrated notes

Levels and vault maps discovered:
D:1:      psy_arrival_conway, layout_rooms, serial_shops, shop,
          hellmonk_ecumenical_altar_prayer_group
D:2:      layout_loops_ring, serial_shops, nicolae_shop_crystal,
          minmay_stone_trees_medium
D:3:      layout_loops_ring, kennysheep_orc_sif_temple, portal_sewer_entry_b,
          serial_bayou_crossing

Skill      XL: |  1  2 |
---------------+-------+-----
Spellcasting   | 3 |  3.8
Fire Magic     | 4 |  4.7
Fighting       | |  0.1
Dodging        | |  2.6
Stealth        | |  1.4
Conjurations   | |  1.4

Action                   |  1- 3 |  4- 6 || total
-------------------------+-------+-------++-------
Melee: Unarmed           |     6 |     1 ||     7
 Cast: Foxfire           |    36 |     3 ||    39
       Scorch            |     7 |     2 ||     9
  Use: Scroll            |     1 |       ||     1
       Potion            |       |     4 ||     4
Armor: Robe              |     5 |     3 ||     8
Dodge: Dodged            |    11 |     5 ||    16
